 Dungeon Crawl Stone Soup version bcrawl-1.28.1b (webtiles) character file.

Game seed: 979957108932250316

371565 Morbidden the Thaumaturge (level 11, 0/136 HPs)
             Began as a Djinni Air Elementalist on Dec 21, 2020.
             Was a Priest of Cheibriados.
             Slain by a skeletal warrior
             ... wielding a +0 long sword
             ... led by a skeletal warrior
              (10 damage)
             ... on level 10 of the Dungeon.
             The game lasted 00:26:16 (10028 turns).

Morbidden the Thaumaturge (DjAE)                   Turns: 10028, Time: 00:26:17

Health: 0/136      AC: 25    Str: 16    XL:     11   Next: 36%
Magic:  26/26      EV:  1    Int: 33    God:    Cheibriados [***...]
Gold:   471        SH:  3    Dex: 24    Spells: 23/33 levels left

rFire    . . .     SeeInvis .   w - +9 battleaxe (venom)
rCold    . . .     Gourm    .   (shield currently unavailable)
rNeg     + + +     Faith    .   (armour currently unavailable)
rPois    +         Spirit   .   (helmet currently unavailable)
rElec    .         Reflect  +   (cloak currently unavailable)
rCorr    .         Harm     .   (gloves currently unavailable)
MR       +....     Rnd*Rage +   (boots unavailable) Stlth +++.......NoTele +
                                M - +3 amulet of reflection
HPRegen  0.32/turn              F - ring of Cidoock {rN+ Dex+7}
MPRegen  0.20/turn              (no ring)

@: brilliant, tree-form, berserk cooldown, slowed, very slow
A: giant, never pass out, berserk 2, blurry vision 2, wild magic 3, MP-powered
wands
a: Bend Time, Temporal Distortion, Renounce Religion


You were on level 10 of the Dungeon.
You worshipped Cheibriados.
Cheibriados was most pleased with you.
You were hungry.
You were a tree.
You visited 3 branches of the dungeon, and saw 12 of its levels.

You collected 568 gold pieces.
You spent 97 gold pieces at shops.

Inventory:

Hand Weapons
 a - a +2 dagger of venom
 b - a +2 dagger of flaming
 w - a +9 battleaxe of venom (weapon)
 y - a +1 flail of holy wrath
 A - a +6 flail of crushing
Missiles
 l - 496 poisoned tomahawks (quivered)
 n - 59 javelins
 B - 2 throwing nets {=f}
Armour
 q - a +0 hat (melded)
 u - a +3 plate armour of poison resistance
 x - a +1 pair of gloves (melded)
 D - a +0 cloak
 G - a +0 troll leather armour (melded)
Jewellery
 F - the ring of Cidoock (left branch) {rN+ Dex+7}
   (You found it on level 6 of the Dungeon)

   [ring of dexterity]

   It affects your dexterity (+7).
   It protects you from negative energy.
 M - a +3 amulet of reflection (around neck)
Wands
 o - a wand of disintegration (18)
 E - a wand of enslavement (11)
 H - a wand of random effects (13)
Scrolls
 d - 3 scrolls of blinking
 h - 3 scrolls of immolation
 j - a scroll of enchant weapon
 m - 3 scrolls of remove curse
 r - 4 scrolls of identify
 s - 4 scrolls of enchant armour
 z - a scroll of silence
Potions
 c - a potion of flight
 f - 2 potions of lignification
 g - 4 potions of curing
 i - 2 potions of mutation {unknown}
 k - a potion of heal wounds
 p - a potion of haste {unknown}
 t - 2 potions of degeneration {unknown}
 v - a potion of agility {unknown}
 C - a potion of invisibility {unknown}
 J - 2 potions of magic {unknown}
 L - a potion of might {unknown}
Comestibles
 e - 17 rations {!d}


   Skills:
 * Level 6.5 Fighting
 + Level 0.4 Short Blades
 + Level 5.4(5.5) Axes
 + Level 0.7(3.4) Maces & Flails
 + Level 1.9 Throwing
 * Level 3.4 Armour
 * Level 6.9 Dodging
 + Level 2.1 Stealth
 + Level 0.1 Unarmed Combat
 * Level 11.5 Spellcasting
 * Level 6.7 Conjurations
 + Level 0.2 Charms
 * Level 10.2 Air Magic
 * Level 2.7 Invocations


You had 23 spell levels left.
You knew the following spells:

 Your Spells              Type           Power        Failure   Level  Hunger
a - Airstrike             Air            ########..   1%          4    None
b - Static Discharge      Air            ########     1%          3    None
d - Shock                 Conj/Air       #####        1%          1    None
q - Swiftness             Chrm/Air       #######.     1%          2    None

Your spell library contained the following spells:

 Spells                   Type           Power        Failure   Level  Hunger
 Lightning Bolt           Conj/Air       ########..   1%          5    ###....


Dungeon Overview and Level Annotations

Branches:
Dungeon (10/12)            Temple (1/1) D:7            Lair (0/6) D:8
    Orc (1/1) D:8
    Elf: Orc:1

Altars:
Cheibriados
Dithmenos
Elyvilon
Fedhas
Gozag
Hepliaklqana
Lugonu
Makhleb
Nemelex Xobeh
Okawaru
Qazlal
Ru
Trog
Uskayaw
Vehumet
Wu Jian
Xom
Yredelemnul
Zin

Shops:
D:4 =   D:5 **!(

Annotations:
D:6 Quickbrownfox's ghost, novice MiAc
D:7 2 transporters, Quickbrownfox's ghost, novice MiAc
D:8 Harold
D:9 Erolcha


Innate Abilities, Weirdness & Mutations

You never pass out after going berserk.
You often lose your temper in combat.
((You can translocate small distances at will.))
Scrolls take you longer to read.
Your spells are much harder to cast, but much more powerful.
You expend magic power (3 MP) to strengthen your wands.
((Your body floats in the air.))


Message History

No path to travel!
You slice the skeletal warrior!!
The skeletal warrior is moderately damaged.
You are no longer berserk.
You are exhausted.
You feel yourself slow down.
As your rage ends, you feel a sudden clarity.
The skeletal warrior hits you with a +0 long sword!!
* * * LOW HITPOINT WARNING * * *
No path to travel!
No path to travel!
No path to travel!
Okay, then.
Really quaff the potion of lignification?
You turn into a tree.
Your +0 hat melds into your body.
Your +1 pair of gloves melds into your body.
Your +0 troll leather armour melds into your body.
Your roots penetrate the ground.
The skeletal warrior hits you with a +0 long sword!
You die...

#.# #.....### #.#
#.......>. ####.#
#.....###. #....#
#.###.... #.####
#.# ..... #.# #z#
..... #.###
#.........
#...######..#.....
###.♣z..5..... z.
######.#.....
##..#... ......
..#.##


You could see a skeletal warrior and a crimson imp.

Vanquished Creatures
  A skeletal warrior (D:10)
  Pikel (D:4)
  A cyclops (D:9)
  An ugly thing (D:10)
  Joseph (D:7)
  Maurice (D:8)
  A komodo dragon (D:8)
  A freezing wraith (D:9)
  A troll (D:7)
  2 hippogriffs
  4 hogs (D:7)
  A human (D:7)
  A yak (D:7)
  A hungry ghost (D:6)
  Menkaure (D:4)
  3 crocodiles
  Edmund (D:6)
  A water moccasin (D:8)
  3 slaves
  7 orc warriors
  A porcupine (D:8)
  2 sky beasts
  3 ogres
  2 phantoms (D:6)
  5 centaurs
  5 bullfrogs
  Blork the orc (D:4)
  A gnoll sergeant (D:6)
  3 scorpions
  13 wights
  4 howler monkeys
  A bullfrog zombie (D:6)
  5 crimson imps
  3 quasits (D:6)
  3 hounds
  7 orc priests
  11 orc wizards
  4 centaur skeletons
  An iguana (D:8)
  11 worker ants
  3 hound zombies
  2 hound skeletons
  3 worker ant zombies
  8 gnolls
  A howler monkey skeleton (D:6)
  5 adders
  A shadow imp (D:9)
  3 oozes
  2 adder zombies
  3 worms
  3 dart slugs
  4 leopard geckos (D:2)
  31 orcs
  2 ball pythons
  7 bats
  2 giant cockroaches
  8 goblins
  9 hobgoblins
  5 quokkas
  3 frilled lizards
  11 kobolds
  3 rats
239 creatures vanquished.

Notes
Turn   | Place    | Note
-------+----------+-------------------------------------------
     0 | D:1      | Morbidden the Djinni Air Elementalist began the quest for
                  | the Orb.
     0 | D:1      | Reached XP level 1. HP: 14/14 MP: 4/4
   142 | D:1      | Reached XP level 2. HP: 20/20 MP: 0/6
   586 | D:1      | Reached XP level 3. HP: 26/26 MP: 5/8
   670 | D:1      | Learned a level 3 spell: Static Discharge
   673 | D:1      | Learned a level 2 spell: Swiftness
  1133 | D:2      | Reached skill level 4 in Spellcasting
  1222 | D:2      | Gained mutation: Your spells are harder to cast, but more
                  | powerful. [Djinni growth]
  1222 | D:2      | Gained mutation: You can translocate small distances at
                  | will. [Djinni growth]
  1222 | D:2      | Reached XP level 4. HP: 34/34 MP: 8/10
  1420 | D:2      | Found a sparkling altar of Nemelex Xobeh.
  1517 | D:2      | Found a bloodstained altar of Trog.
  1896 | D:3      | Found a shadowy altar of Dithmenos.
  1935 | D:3      | Reached XP level 5. HP: 28/39 MP: 6/12
  2339 | D:4      | Found an ornate altar of the Wu Jian Council.
  2343 | D:4      | Reached skill level 1 in Fighting
  2343 | D:4      | Reached skill level 5 in Spellcasting
  2343 | D:4      | Reached skill level 5 in Air Magic
  2593 | D:4      | Noticed a sky beast
  2595 | D:4      | Noticed Blork the orc
  2674 | D:4      | Reached XP level 6. HP: 28/47 MP: 7/14
  2862 | D:4      | Found Oghoffeli's Jewellery Boutique.
  2862 | D:4      | Noticed Pikel
  2862 | D:4      | Noticed a slave
  2862 | D:4      | Noticed a slave
  2862 | D:4      | Noticed a slave
  2862 | D:4      | Noticed a slave
  2863 | D:4      | Noticed Menkaure
  2937 | D:3      | Killed a slave
  3064 | D:3      | Killed a sky beast
  3192 | D:4      | Found a corrupted altar of Lugonu.
  3314 | D:4      | Killed a slave
  3314 | D:4      | Killed a slave
  3339 | D:4      | Killed Pikel
  3340 | D:4      | Reached skill level 7 in Spellcasting
  3340 | D:4      | Reached XP level 7. HP: 22/56 MP: 3/17
  3451 | D:4      | Gained mutation: Your spells are much harder to cast, but
                  | much more powerful. [Djinni growth]
  3451 | D:4      | Reached XP level 8. HP: 62/62 MP: 16/19
  3454 | D:4      | Killed Blork the orc
  3725 | D:4      | Killed Menkaure
  3828 | D:5      | Entered Level 5 of the Dungeon
  3892 | D:5      | Reached skill level 8 in Spellcasting
  3997 | D:5      | Found Boxavimu's Antique Weapon Emporium.
  4023 | D:5      | Reached skill level 1 in Axes
  4588 | D:5      | Found an iron altar of Okawaru.
  4628 | D:5      | Found a sparkling altar of Nemelex Xobeh.
  4629 | D:5      | Found a white marble altar of Elyvilon.
  4732 | D:5      | Found Qothrum's Assorted Antiques.
  4736 | D:5      | Found Figineat's Distillery.
  4748 | D:5      | Bought a potion of heal wounds for 65 gold pieces
  4748 | D:5      | Bought a potion of curing for 32 gold pieces
  4753 | D:5      | Found a glowing silver altar of Zin.
  4765 | D:5      | Found Ecyzonaff's Assorted Antiques.
  4929 | D:5      | Reached skill level 1 in Throwing
  5240 | D:6      | Reached XP level 9. HP: 63/71 MP: 21/21
  5366 | D:6      | Reached skill level 5 in Conjurations
  5436 | D:6      | Found a transporter.
  5436 | D:6      | Noticed Quickbrownfox's ghost (novice MiAc)
  5481 | D:6      | Reached skill level 5 in Dodging
  5636 | D:6      | Found a transporter.
  5883 | D:6      | Found a hazy altar of Hepliaklqana.
  5921 | D:6      | Noticed Edmund
  5943 | D:6      | Killed Edmund
  5944 | D:6      | Reached skill level 1 in Armour
  5944 | D:6      | Reached skill level 9 in Spellcasting
  6194 | D:6      | Found a blossoming altar of Fedhas.
  6194 | D:6      | Found a sacrificial altar of Ru.
  6354 | D:6      | Got the ring of Cidoock {Dex+7}
  6421 | D:6      | Identified the ring of Cidoock {rN+ Dex+7} (You found it on
                  | level 6 of the Dungeon)
  6545 | D:7      | Found a transporter.
  6566 | D:7      | Found a transporter.
  6567 | D:7      | Noticed Quickbrownfox's ghost (novice MiAc)
  6738 | D:7      | Reached skill level 5 in Fighting
  6791 | D:7      | Noticed Joseph
  6806 | D:7      | Killed Joseph
  6807 | D:7      | Reached XP level 10. HP: 40/81 MP: 23/23
  6830 | D:7      | Found an iron altar of Okawaru.
  7268 | D:7      | Found a staircase to the Ecumenical Temple.
  7282 | Temple   | Entered the Ecumenical Temple
  7293 | Temple   | Became a worshipper of Cheibriados the Contemplative
  7414 | D:7      | Reached skill level 5 in Axes
  7536 | D:7      | Reached skill level 1 in Invocations
  7542 | D:7      | Learned a level 4 spell: Airstrike
  7845 | D:8      | Reached * piety under Cheibriados
  7853 | D:8      | Reached skill level 10 in Spellcasting
  8105 | D:8      | Found a staircase to the Orcish Mines.
  8165 | D:8      | Found an opulent altar of Gozag.
  8188 | D:8      | Found a burning altar of Makhleb.
  8212 | D:8      | Noticed Maurice
  8216 | D:8      | Killed Maurice
  8495 | D:8      | Found a staircase to the Lair.
  8580 | D:8      | Found a shimmering altar of Xom.
  8580 | D:8      | Noticed Harold
  8807 | Orc      | Entered the Orcish Mines
  8949 | D:9      | Reached ** piety under Cheibriados
  9053 | D:9      | Reached skill level 11 in Spellcasting
  9066 | D:9      | Noticed a cyclops
  9073 | D:9      | Reached XP level 11. HP: 35/89 MP: 17/26
  9080 | D:9      | Killed a cyclops
  9286 | D:9      | Noticed Erolcha
  9392 | D:9      | Found a shimmering altar of Xom.
  9642 | D:9      | Reached skill level 10 in Air Magic
  9769 | D:9      | Reached *** piety under Cheibriados
  9893 | D:10     | Entered Level 10 of the Dungeon
  9904 | D:10     | Noticed a red ugly thing
  9909 | D:10     | Killed a red ugly thing
  9966 | D:10     | Noticed a skeletal warrior
  9966 | D:10     | Noticed a skeletal warrior
  9966 | D:10     | Noticed a skeletal warrior
 10026 | D:10     | Killed a skeletal warrior
 10028 | D:10     | Slain by a skeletal warrior

Skill      XL: |  1  2  3  4  5  6  7  8  9 10 11 |
---------------+----------------------------------+-----
Air Magic      | 4 5 6 7 8 9 10 | 10.2
Spellcasting   | 4 5 7 8 9 11 | 11.5
Fighting       | 1 2 3 5 6 |  6.5
Conjurations   | 2 3 4 5 6 |  6.7
Dodging        | 3 4 6 |  6.9
Axes           | 2 4 5 |  5.4
Stealth        | 2 |  2.1
Throwing       | 1 |  1.9
Armour         | 2 3 |  3.4
Invocations    | 2 |  2.7
Short Blades   | |  0.4
Maces & Flails | |  0.7
Unarmed Combat | |  0.1
Charms         | |  0.2

Action                   |  1- 3 |  4- 6 |  7- 9 | 10-12 || total
-------------------------+-------+-------+-------+-------++-------
Melee: Unarmed           |    11 |       |       |       ||    11
       Dagger            |       |    23 |       |       ||    23
       Battleaxe         |       |       |   181 |   115 ||   296
       Flail             |       |       |    22 |       ||    22
Throw: Tomahawk          |       |     1 |    37 |    34 ||    72
 Cast: Shock             |    62 |    89 |    22 |     3 ||   176
       Static Discharge  |     1 |     4 |       |     4 ||     9
       Swiftness         |       |     3 |     1 |       ||     4
       Airstrike         |       |       |       |    92 ||    92
 Abil: Blink             |       |       |     3 |     5 ||     8
  Use: Scroll            |       |     1 |     3 |    11 ||    15
       Potion            |       |       |     3 |     2 ||     5
 Stab: Sleeping          |       |       |     2 |       ||     2
  Eat: Chunk             |     2 |     5 |    22 |    15 ||    44
       Ration            |       |     1 |     2 |       ||     3
Armor: Robe              |     7 |    10 |     9 |       ||    26
       Scale mail        |       |       |   152 |    16 ||   168
       Skin              |       |       |       |    13 ||    13
       Troll leather arm |       |       |       |    15 ||    15
Dodge: Dodged            |    11 |    34 |   194 |   101 ||   340
Block: Other             |       |       |       |     2 ||     2
